 Dungeon Crawl Stone Soup version 0.26.1-2-gb8aa6d0cf2 (webtiles) character file.

Game seed: 7086253417595659805

17893 funkygono the Geomancer (level 12, -6/64 HPs)
             Began as a Gargoyle Earth Elementalist on Feb 11, 2021.
             Was an Elder of Vehumet.
             Engulfed by an ice statue's freezing vapour (22 damage)
             ... in an ice cave on Feb 13, 2021.
             The game lasted 00:44:53 (15782 turns).

funkygono the Geomancer (GrEE)                     Turns: 15782, Time: 00:44:54

Health: -6/64      AC: 27    Str: 14    XL:     12   Next: 52%
Magic:  4/26       EV: 14    Int: 19    God:    Vehumet [****..]
Gold:   692        SH:  0    Dex: 16    Spells: 20/32 levels left

rFire    . . .     SeeInvis .   w - +3 whip (freeze)
rCold    . . .     Faith    .   (no shield)
rNeg     + . .     Spirit   .   e - +1 steam dragon scales
rPois    ∞         Reflect  .   t - +1 helmet
rElec    +         Harm     .   G - +1 cloak
rCorr    .         Rampage  .   x - +1 pair of gloves
Will     .....                  (no boots)
Stlth    ++........             p - amulet of magic regeneration
HPRegen  0.20/turn              M - +6 ring of dexterity
MPRegen  0.45/turn              f - +4 ring of protection

@: no status effects
A: negative energy resistance 1, electricity resistance, unbreathing,
petrification resistance, miasma immunity, AC +8
a: Renounce Religion


You were in an ice cave.
You worshipped Vehumet.
Vehumet was greatly pleased with you.
You visited 2 branches of the dungeon, and saw 13 of its levels.
You also visited: Sewer and Ice Cave.

You collected 692 gold pieces.

Inventory:

Hand Weapons
 w - a +3 whip of freezing (weapon)
 L - a +5 mace of freezing
Missiles
 b - 69 stones
Armour
 e - +1 steam dragon scales (worn)
 g - a +1 ring mail of positive energy
 o - a +2 hat
 t - a +1 helmet (worn)
 x - a +1 pair of gloves (worn)
 G - a +1 cloak (worn)
Jewellery
 f - a +4 ring of protection (right hand)
 i - an uncursed ring of wizardry
 p - an amulet of magic regeneration (around neck)
 s - an uncursed ring of resist corrosion
 A - an uncursed amulet of reflection
 M - a +6 ring of dexterity (left hand)
Wands
 h - a wand of flame (39)
 v - a wand of iceblast (18)
 D - a wand of paralysis (9)
 K - a wand of disintegration (8)
Scrolls
 c - a scroll of acquirement {unknown}
 k - 4 scrolls of remove curse
 m - a scroll of fog
 n - a scroll of identify
 u - 5 scrolls of teleportation
 y - a scroll of amnesia
 B - 2 scrolls of blinking
Potions
 a - 11 potions of curing
 d - 6 potions of ambrosia
 j - 5 potions of haste
 l - a potion of might {unknown}
 q - 3 potions of heal wounds
 r - a potion of resistance {unknown}
 z - 2 potions of lignification
 C - 7 potions of mutation
 F - 2 potions of flight


   Skills:
 + Level 3.0 Fighting
 + Level 4.8 Maces & Flails
 + Level 6.2 Armour
 + Level 3.8 Dodging
 + Level 3.4 Stealth
 + Level 1.0 Shields
 + Level 10.8 Spellcasting
 + Level 8.0 Conjurations
 + Level 0.7 Transmutations
 * Level 2.2 Fire Magic
 + Level 13.2 Earth Magic
 * Level 1.9 Poison Magic


You had 20 spell levels left.
You knew the following spells:

 Your Spells              Type           Power        Failure   Level
a - Sandblast             Erth           100%         1%          1
b - Stone Arrow           Conj/Erth      100%         1%          3
c - Lee's Rapid Deconstr  Erth           28%          1%          5
d - Ignite Poison         Fire/Tmut/Pois 16%          3%          3

Your spell library contained the following spells:

 Spells                   Type           Power        Failure   Level
 Airstrike                Air            5%           17%         4
 Passwall                 Tmut/Erth      30%          1%          2
 Petrify                  Tmut/Erth      36%          3%          4
 Animate Skeleton         Necr           20%          7%          1
 Apportation              Tloc           20%          7%          1
 Corona                   Hex            11%          7%          1
 Summon Small Mammal      Summ           40%          7%          1
 Lesser Beckoning         Tloc           5%           21%         3
 Tukima's Dance           Hex            10%          21%         3
 Alistair's Intoxication  Tmut/Pois      10%          73%         5
 Invisibility             Hex            10%          100%        6


Dungeon Overview and Level Annotations

Branches:
Dungeon (11/15)            Temple (0/1) D:4            Lair (2/6) D:8
  Sewer (visited)           IceCv (1/1)
  Swamp: Lair:2-4    Shoals: Lair:2-4     Snake: Lair:2-4    Spider: Lair:2-4
    Orc: D:9-12

Altars:
Okawaru
Qazlal
Trog
Vehumet
Xom

Annotations:
IceCv exclusion: ice statue


Innate Abilities, Weirdness & Mutations

You are resistant to torment.
Your stone body is resilient. (AC +8)
You are immune to poison.
You resist negative energy. (rN+)
You are resistant to electric shocks. (rElec)
You can survive without breathing.
You are immune to petrification.
You are immune to miasma.


Message History

The ice beast completely resists.
Casting: Stone Arrow (safe; 1% risk of failure)
Confirm with . or Enter, or press ? or * to list all spells.
Aiming: Stone Arrow (safe; 1% risk of failure)
Press: ? - help, Shift-Dir - straight line, f/p - ice statue
Aim: an ice statue (severely damaged, 0% to evade)
The stone arrow hits the ice statue but does no damage.
The ice statue is severely damaged.
You are engulfed in freezing vapours.
* * * LOW HITPOINT WARNING * * *
The ice beast hits you but does no damage. x2
Casting: Stone Arrow (safe; 1% risk of failure)
Confirm with . or Enter, or press ? or * to list all spells.
Aiming: Stone Arrow (safe; 1% risk of failure)
Press: ? - help, Shift-Dir - straight line, f/p - ice statue
Aim: an ice statue (severely damaged, 0% to evade)
The stone arrow hits the ice statue!
The ice statue is almost destroyed.
You are engulfed in freezing vapours.
You die...

≈ ## .## ..### ###.°.8##
###.☼○○...# ###
###...@Y°.# #.###
##.....°Y○## #####...#
#.......#######.......##
#.......###.......###...
##.....#........##...##.
##............#...#..#.
##..........##≈≈##..##
##.#....#.##≈≈##..##.
####..####≈≈##..####


You could see an ice statue and 2 ice beasts.

Vanquished Creatures
  Gastronok (D:8)
  A boulder beetle (D:10)
  2 two-headed ogres (D:10)
  Urug (D:10)
  The ghost of Kebab the Basher, a novice GrFi (D:7)
  The ghost of StoneSoupSpirit the Cleaver, a novice DsCK of Xom (D:7)
  The ghost of StoneSoupSpirit the Cleaver, a novice DsCK of Xom (D:7)
  Pikel (D:4)
  Maurice (D:8)
  3 cane toads (Lair:1)
  Maggie (D:8)
  2 centaur skeletons (D:10)
  3 komodo dragons
  A troll (D:9)
  7 polar bears (IceCv)
  Prince Ribbit (D:7)
  A hornet (D:6)
  A wyvern (Lair:2)
  14 yaks
  2 basilisks
  A steam dragon (D:10)
  2 water moccasins
  A sky beast (D:8)
  An eye of draining (D:10)
  An orc warrior (D:8)
  2 black bears
  4 ogres
  3 ice beasts
  3 centaurs
  7 wolves
  2 big kobolds
  6 bullfrogs
  A gnoll sergeant (D:10)
  A wyvern skeleton (D:8)
  A scorpion (D:7)
  An electric eel (D:9)
  8 wights
  A howler monkey (D:5)
  2 orc priests
  A bullfrog zombie (D:10)
  3 jellies
  Crazy Yiuf (D:7)
  5 hounds
  2 iguanas
  8 orc wizards
  10 worker ants
  2 killer bee zombies (D:7)
  A bullfrog simulacrum (D:9)
  2 hound skeletons
  Robin (D:3)
  17 gnolls
  2 worker ant zombies
  6 adders
  A howler monkey skeleton (D:9)
  A shadow imp (D:6)
  14 white imps
  2 ufetubi
  3 oozes
  2 adder zombies
  5 worms
  4 dart slugs
  13 leopard geckos
  20 orcs
  2 ball pythons
  12 bats
  8 giant cockroaches
  15 goblins
  11 hobgoblins
  6 jackals (D:6)
  20 kobolds
  6 quokkas
  5 frilled lizards
  8 rats
313 creatures vanquished.

Vanquished Creatures (others)
  An orc wizard (D:7)
  A fungus (Lair:2)
  48 plants
50 creatures vanquished.

Grand Total: 363 creatures vanquished

Notes
Turn   | Place    | Note
-------+----------+-------------------------------------------
     0 | D:1      | funkygono the Gargoyle Earth Elementalist began the quest
                  | for the Orb.
     0 | D:1      | Reached XP level 1. HP: 10/10 MP: 3/3
   221 | D:1      | Reached skill level 4 in Earth Magic
   221 | D:1      | Reached XP level 2. HP: 15/15 MP: 3/5
   482 | D:1      | Reached XP level 3. HP: 19/19 MP: 1/6
  1248 | D:2      | Reached XP level 4. HP: 24/24 MP: 6/8
  1252 | D:2      | Learned a level 3 spell: Stone Arrow
  1809 | D:2      | Reached skill level 5 in Earth Magic
  2225 | D:3      | Reached skill level 1 in Conjurations
  2230 | D:3      | Reached XP level 5. HP: 28/28 MP: 3/9
  2422 | D:3      | Noticed Robin
  2440 | D:3      | Killed Robin
  2626 | D:3      | Found a glowing drain.
  2637 | Sewer    | Entered a sewer
  2742 | Sewer    | Noticed a water moccasin
  2756 | Sewer    | Killed a water moccasin
  2757 | Sewer    | Reached XP level 6. HP: 24/32 MP: 9/11
  2763 | Sewer    | Learned a level 5 spell: Lee's Rapid Deconstruction
  2911 | D:3      | Reached skill level 6 in Earth Magic
  3694 | D:4      | Found a radiant altar of Vehumet.
  3726 | D:4      | Noticed Pikel
  3741 | D:4      | Killed Pikel
  3742 | D:4      | Reached skill level 1 in Fighting
  3742 | D:4      | Reached skill level 1 in Maces & Flails
  3742 | D:4      | Reached skill level 1 in Armour
  3742 | D:4      | Reached XP level 7. HP: 36/38 MP: 4/13
  3762 | D:4      | Became a worshipper of Vehumet
  4169 | D:4      | Found a staircase to the Ecumenical Temple.
  4538 | D:5      | Entered Level 5 of the Dungeon
  4689 | D:5      | Reached XP level 8. HP: 43/43 MP: 7/14
  5055 | D:5      | Reached skill level 7 in Earth Magic
  5723 | D:6      | Reached skill level 5 in Spellcasting
  6276 | D:6      | Reached * piety under Vehumet
  6276 | D:6      | Offered knowledge of Freeze by Vehumet.
  6437 | D:6      | Noticed a hornet
  6453 | D:6      | Killed a hornet
  6454 | D:6      | Reached skill level 8 in Earth Magic
  6454 | D:6      | Reached XP level 9. HP: 14/47 MP: 5/17
  6926 | D:7      | Found a stormy altar of Qazlal.
  7663 | D:7      | Found a runed translucent gate.
  7664 | D:7      | Found a runed translucent gate.
  7666 | D:7      | Found a runed translucent gate.
  7667 | D:7      | Noticed StoneSoupSpirit's ghost (novice DsCK)
  7668 | D:7      | Noticed StoneSoupSpirit's ghost (novice DsCK)
  7668 | D:7      | Noticed Kebab's ghost (novice GrFi)
  7769 | D:7      | Noticed Prince Ribbit
  7774 | D:7      | Killed Prince Ribbit
  7775 | D:7      | Reached skill level 5 in Conjurations
  7998 | D:7      | Found a runed translucent door.
  7999 | D:7      | Noticed Crazy Yiuf
  8004 | D:7      | Killed Crazy Yiuf
  8230 | D:8      | Got a polished shortbow
  8267 | D:8      | Reached skill level 9 in Earth Magic
  8306 | D:8      | Noticed Maggie
  8307 | D:8      | Noticed Gastronok
  8324 | D:8      | Killed Maggie
  8500 | D:8      | Killed Gastronok
  8501 | D:8      | Reached skill level 5 in Armour
  8501 | D:8      | Reached skill level 10 in Earth Magic
  8501 | D:8      | Reached XP level 10. HP: 17/52 MP: 1/22
  8644 | D:8      | Offered knowledge of Shock by Vehumet.
  8857 | D:8      | Reached ** piety under Vehumet
  9076 | D:8      | Noticed Maurice
  9089 | D:8      | Killed Maurice
  9247 | D:8      | Reached skill level 11 in Earth Magic
  9606 | D:8      | Found a staircase to the Lair.
  9739 | D:8      | Found an iron altar of Okawaru.
  9905 | D:8      | Identified the +9 shortbow of the Sage {venom, rF+ Int+3}
                  | (You found it on level 8 of the Dungeon)
 10066 | D:7      | Killed StoneSoupSpirit's ghost
 10084 | D:7      | Killed Kebab's ghost
 10085 | D:7      | Reached XP level 11. HP: 32/57 MP: 21/24
 10092 | D:7      | Killed StoneSoupSpirit's ghost
 10581 | D:9      | Offered knowledge of Static Discharge by Vehumet.
 10887 | D:9      | Reached *** piety under Vehumet
 11105 | D:9      | Found a glowing silver altar of Zin.
 11107 | D:9      | Found a shimmering altar of Xom.
 11107 | D:9      | Found a stormy altar of Qazlal.
 11156 | D:9      | Found an iron altar of Okawaru.
 11156 | D:9      | Found a bloodstained altar of Trog.
 11156 | D:9      | Found a shimmering altar of Xom.
 11426 | D:10     | Entered Level 10 of the Dungeon
 11426 | D:10     | Noticed a two-headed ogre
 11432 | D:10     | Killed a two-headed ogre
 11550 | D:10     | Reached skill level 12 in Earth Magic
 11597 | D:10     | Noticed Urug
 11622 | D:10     | Noticed a two-headed ogre
 11663 | D:10     | Killed Urug
 11669 | D:10     | Killed a two-headed ogre
 12218 | D:10     | Reached skill level 10 in Spellcasting
 12252 | D:10     | Offered knowledge of Ignite Poison by Vehumet.
 12257 | D:10     | Learned a level 3 spell: Ignite Poison
 12911 | D:11     | Noticed a boulder beetle
 12911 | D:11     | Noticed a green ugly thing
 12939 | D:10     | Killed a boulder beetle
 13192 | Lair:1   | Entered Level 1 of the Lair of Beasts
 13201 | Lair:1   | Reached XP level 12. HP: 64/64 MP: 20/26
 13804 | Lair:1   | Reached skill level 1 in Shields
 14959 | Lair:2   | Reached **** piety under Vehumet
 14980 | Lair:2   | Offered knowledge of Airstrike by Vehumet.
 14999 | Lair:2   | Reached skill level 13 in Earth Magic
 15228 | Lair:2   | Found a frozen archway.
 15237 | IceCv    | Entered an ice cave
 15254 | IceCv    | Reached skill level 1 in Poison Magic
 15334 | IceCv    | Reached skill level 1 in Fire Magic
 15782 | IceCv    | Engulfed by an ice statue's freezing vapour

Illustrated notes

Levels and vault maps discovered:
D:1:      sevenhm_arrival_forest_fort_large_4, layout_loops_ring
D:2:      layout_loops_ring, minmay_circle_x
D:3:      layout_loops_ring, gup_sewer_entry_pipe, uniq_robin
D:4:      layout_loops_ring, minmay_temple_entry_mini_moons,
          vehumet_altar_wand_db, uniq_pikel
D:5:      layout_loops_ring
D:6:      layout_rooms
D:7:      layout_basic, lemuel_doored_altar, gammafunk_ghost_cemetery,
          uniq_crazy_yiuf_cottage, uniq_prince_ribbit1
D:8:      layout_rooms, david_lair_shrubbed, grunt_decor_one_mirror,
          okawaru_altar_gauntlet_db, uniq_maurice, uniq_gastronok, uniq_maggie
D:9:      layout_roguey, serial_ice, serial_ice_d, serial_ice_k, serial_ice_h,
          serial_ice_n, minmay_misc_feat_plants, doesnt_xom_only_xom
D:10:     layout_loops_cross, uniq_urug
D:11:     layout_cross
Lair:1:   layout_layer_cave, hibernation_bobbens
Lair:2:   layout_cave_pods, portal_ice_cave_entry_imps,
          infiniplex_staircase_pool, lemuel_fruit_fields, serial_bayou_shore_b
IceCv:    ice_cave_small_giant

Skill      XL: |  1  2  3  4  5  6  7  8  9 10 11 12 |
---------------+-------------------------------------+-----
Earth Magic    | 4 5 6 8 10 11 12 13 | 13.2
Spellcasting   | 3 4 5 8 9 10 | 10.8
Conjurations   | 1 2 3 4 5 6 7 8 |  8.0
Dodging        | 2 3 |  3.8
Fighting       | 1 2 3 |  3.0
Maces & Flails | 1 2 3 4 |  4.8
Armour         | 1 2 3 5 6 |  6.2
Stealth        | 3 |  3.4
Shields        | 1 |  1.0
Poison Magic   | 1 |  1.9
Fire Magic     | 2 |  2.2
Transmutations | |  0.7

Action                   |  1- 3 |  4- 6 |  7- 9 | 10-12 || total
-------------------------+-------+-------+-------+-------++-------
Melee: Club              |     1 |       |       |       ||     1
       Dagger            |     1 |       |       |       ||     1
       Whip              |     2 |   115 |    73 |   233 ||   423
 Cast: Sandblast         |    38 |    77 |    73 |    95 ||   283
       Stone Arrow       |       |    13 |    80 |   208 ||   301
       Lee's Rapid Decon |       |       |       |    10 ||    10
  Use: Scroll            |     5 |     5 |    10 |    14 ||    34
       Potion            |       |       |     3 |     2 ||     5
 Stab: Sleeping          |       |     1 |       |       ||     1
Armor: Robe              |     3 |    40 |       |       ||    43
       Ring mail         |       |    21 |    72 |    67 ||   160
       Steam dragon scal |       |       |       |    96 ||    96
Dodge: Dodged            |     6 |   136 |    46 |   176 ||   364
Block: Other             |       |       |       |    23 ||    23
       Reflection        |       |       |       |     3 ||     3
